 Dungeon Crawl Stone Soup version 0.21.1-1-g345015f (webtiles) character file.

165 diana the Slasher (level 5, 0/41 HPs)
             Began as a Demonspawn Gladiator on June 4, 2018.
             Slain by a gnoll
             ... wielding a cursed -1 halberd
              (12 damage)
             ... on level 3 of the Dungeon.
             The game lasted 00:03:09 (2409 turns).

diana the Slasher (Demonspawn Gladiator)            Turns: 2409, Time: 00:03:09

Health: 0/41       AC:  4    Str: 20    XL:     5   Next: 22%
Magic:  5/5        EV: 13    Int:  9    God:
Gold:   134        SH:  0    Dex: 15    Spells: 4/4 levels left

rFire    . . .     SeeInvis .   a - +0 long sword
rCold    + . .     Gourm    .   (no shield)
rNeg     . . .     Faith    .   b - +0 leather armour
rPois    .         Spirit   .   c - +0 helmet
rElec    .         Reflect  .   (no cloak)
rCorr    .         Harm     .   (no gloves)
MR       .....                  (no boots)
Stlth    +.........             (no amulet)
HPRegen  0.13/turn              (no ring)
MPRegen  0.09/turn              (no ring)

@: mighty
A: hooves 1, cold resistance 1, rot immunity, freezing cloud immunity
a: no special abilities


You were on level 3 of the Dungeon.
You were hungry.

You visited 1 branch of the dungeon, and saw 3 of its levels.

You collected 134 gold pieces.

Inventory:

Hand Weapons
 a - a +0 long sword (weapon)
Missiles
 d - 3 throwing nets (quivered)
Armour
 b - a +0 leather armour (worn)
 c - a +0 helmet (worn)
Jewellery
 k - a cursed amulet of inaccuracy {unknown}
Scrolls
 e - 8 scrolls of identify {unknown}
 l - 2 scrolls of remove curse {unknown}
 o - a scroll of blinking {unknown}
Potions
 g - a potion of might
 h - 2 potions of agility
 i - a potion of lignification
 m - a potion of degeneration {unknown}
 n - a potion of cancellation {unknown}
Comestibles
 f - 2 rations


   Skills:
 + Level 3.1 Fighting
 * Level 4.3 Long Blades
 - Level 1.7 Throwing
 + Level 3.5 Dodging


You had 4 spell levels left.
You didn't know any spells.

Dungeon Overview and Level Annotations

Branches:
Dungeon (3/15)

Altars:
Nemelex Xobeh

Annotations:
D:3 Sigmund


Innate Abilities, Weirdness & Mutations

You have large cloven feet.
Your flesh is cold resistant. (rC+)
You are immune to rotting.
You are immune to freezing clouds.


Message History

You resist with some effort. Sigmund barely misses you.
You riposte.
You hit Sigmund. You kick Sigmund.
Sigmund is severely wounded.
The gnoll completely misses you.
Things that are here:
a whip; a club; a gnoll corpse You miss Sigmund.
Sigmund is severely wounded.
The gnoll barely misses you. Sigmund hits you with a scythe.
* * * LOW HITPOINT WARNING * * *
You closely miss Sigmund. Your kick misses Sigmund.
Sigmund is severely wounded.
The gnoll barely misses you. Sigmund closely misses you.
You riposte.
You hit Sigmund but do no damage. Your kick misses Sigmund.
Sigmund is severely wounded.
Unknown command.
You hit Sigmund. Your kick misses Sigmund.
Sigmund is almost dead.
The gnoll hits you from afar with a halberd!
You die...

#...##.##......
##########...##.##......
........##...##..+......
........##### ####......
........# #.#####
........# #...<##
.....g..# #......
..$....@# #..####
.......@##### #....#.
...#'###....######..#.#.
#.#..........###.
#.#..............
?...........#.##..
##.##.......+.##..
#.##....)..####..
#..........# #..
..###......# #..


You could see Sigmund and a gnoll.

Vanquished Creatures
  An orc wizard (D:3)
  3 gnolls (D:3)
  4 adders
  2 oozes
  A worm (D:3)
  2 dart slugs (D:2)
  A leopard gecko (D:3)
  5 orcs (D:3)
  8 bats
  6 giant cockroaches
  6 goblins
  5 hobgoblins
  2 quokkas
  2 ball pythons (D:3)
  A frilled lizard (D:2)
  5 kobolds
  4 rats
58 creatures vanquished.

Notes
Turn   | Place    | Note
-------+----------+-------------------------------------------
     0 | D:1      | diana the Demonspawn Gladiator began the quest for the Orb.
     0 | D:1      | Reached XP level 1. HP: 16/16 MP: 1/1
   404 | D:1      | Reached skill level 3 in Long Blades
   471 | D:1      | Gained mutation: Your flesh is cold resistant. (rC+) [demonic ancestry]
   471 | D:1      | Reached XP level 2. HP: 22/22 MP: 2/2
  1201 | D:2      | Gained mutation: You have large cloven feet. [demonic ancestry]
  1201 | D:2      | Reached XP level 3. HP: 8/28 MP: 3/3
  1422 | D:2      | Found a sparkling altar of Nemelex Xobeh.
  1758 | D:3      | Gained mutation: You are immune to rotting. [demonic ancestry]
  1758 | D:3      | Reached XP level 4. HP: 3/34 MP: 4/4
  2063 | D:3      | Reached skill level 4 in Long Blades
  2387 | D:3      | Noticed Sigmund
  2400 | D:3      | Gained mutation: You are immune to freezing clouds. [demonic ancestry]
  2400 | D:3      | Reached XP level 5. HP: 12/41 MP: 5/5
  2409 | D:3      | Slain by a gnoll

Skill      XL: |  1  2  3  4 |
---------------+-------------+-----
Long Blades    | 3 4 |  4.3
Dodging        | 3 |  3.5
Fighting       | 3 |  3.1
Throwing       | |  1.7

Action                   |  1- 3 |  4- 6 || total
-------------------------+-------+-------++-------
Melee: Long sword        |    94 |    38 ||   132
       Kick              |    10 |     8 ||    18
  Use: Potion            |       |     5 ||     5
  Eat: Chunk             |     2 |     2 ||     4
Armor: Leather armour    |    31 |     6 ||    37
       Skin              |       |     9 ||     9
Dodge: Dodged            |    73 |    41 ||   114
       Rpst.: Long sword |    24 |    10 ||    34
